1 | 0:00 | Orbital Command, SCV x12 | |
12 | 0:28 | SCV | |
13 | 0:40 | SCV | |
13 | 0:41 | Supply Depot | |
14 | 0:52 | SCV | |
15 | 1:04 | Barracks, SCV | |
15 | 1:09 | Refinery | |
16 | 1:16 | SCV | |
17 | 1:28 | SCV | |
18 | 1:40 | SCV | |
19 | 1:53 | Orbital Command | |
19 | 2:07 | Command Center | |
19 | 2:11 | Barracks Reactor | |
19 | 2:17 | Barracks | |
19 | 2:24 | Supply Depot | |
19 | 2:29 | SCV | |
20 | 2:45 | SCV | |
20 | 2:48 | Marine x2 | |
23 | 2:54 | Engineering Bay | |
23 | 2:57 | SCV | |
24 | 3:05 | Marine | |
24 | 3:06 | Marine | |
24 | 3:09 | SCV | |
24 | 3:10 | Barracks Tech Lab | |
27 | 3:21 | SCV | |
27 | 3:23 | Marine x2 | |
30 | 3:30 | Bunker | |
30 | 3:32 | Orbital Command | |
30 | 3:33 | SCV | |
31 | 3:35 | Combat Shields | |
31 | 3:39 | Terran Infantry Weapons Level 1 | |
31 | 3:45 | Marine x3, SCV | |
35 | 3:52 | Supply Depot | |
35 | 4:02 | Marine | |
35 | 4:03 | Marine | |
35 | 4:05 | Barracks | |
37 | 4:22 | Command Center | |
37 | 4:28 | SCV x2 | |
39 | 4:37 | Marine | |
39 | 4:38 | Marine | |
41 | 4:40 | SCV x2 | |
41 | 4:44 | Marine | |
44 | 4:53 | Barracks Reactor | |
44 | 4:58 | Barracks | |
44 | 5:00 | SCV x2 | |
46 | 5:12 | SCV x2 | |
48 | 5:15 | Stimpack | |
48 | 5:21 | Marine x3 | |
47 | 5:24 | SCV x2 | |
42 | 5:36 | SCV x2 | |
42 | 5:38 | Marine | |
42 | 5:39 | Marine x2 | |
47 | 5:48 | SCV x2 | |
47 | 5:49 | Marine x2 | |
52 | 5:53 | Barracks Reactor | |
52 | 5:56 | Marine x2 | |
52 | 5:57 | Marine | |
53 | 5:59 | Factory | |
53 | 6:00 | SCV | |
53 | 6:02 | SCV | |
56 | 6:07 | Marine x2 | |
58 | 6:12 | SCV | |
58 | 6:14 | SCV | |
60 | 6:22 | Planetary Fortress | |
60 | 6:24 | Marine, SCV | |
60 | 6:25 | Marine x4 | |
66 | 6:26 | SCV | |
66 | 6:32 | Terran Vehicle Armor Level 3, Protoss Air Weapons Level 3, Protoss Ground Armor Level 3, Zerg Ground Armor Level 3, Terran Infantry Weapons Level 3, Protoss Shields Level 3, Protoss Ground Weapons Level 3, Terran Ship Weapons Level 3, Terran Ship Armor Level 3, Zerg Flyer Armor Level 3, Protoss Air Armor Level 3, Zerg Melee Weapons Level 3, Terran Vehicle Weapons Level 3, Zerg Missile Weapons Level 3, Zerg Flyer Weapons Level 3, Terran Infantry Armor Level 3 | |
67 | 6:35 | Refinery | |
67 | 6:37 | SCV | |
67 | 6:38 | SCV | |
69 | 6:46 | Factory Reactor | |
69 | 6:53 | Terran Vehicle Weapons Level 2, Protoss Air Weapons Level 2, Terran Infantry Armor Level 2, Zerg Flyer Armor Level 2, Terran Infantry Weapons Level 2, Terran Ship Armor Level 2, Protoss Shields Level 2, Zerg Melee Weapons Level 2, Zerg Missile Weapons Level 2, Zerg Ground Armor Level 2, Protoss Ground Weapons Level 2, Protoss Ground Armor Level 2, Terran Vehicle Armor Level 2, Terran Ship Weapons Level 2, Zerg Flyer Weapons Level 2, Protoss Air Armor Level 2 | |
69 | 6:55 | Supply Depot | |
69 | 6:56 | Supply Depot | |
69 | 7:08 | Stimpack, Blink | |
69 | 7:15 | Protoss Ground Armor Level 1, Terran Infantry Weapons Level 1, Protoss Shields Level 1, Protoss Ground Weapons Level 1, Zerg Flyer Weapons Level 1, Zerg Missile Weapons Level 1, Warp Gate, Terran Ship Weapons Level 1, Zerg Ground Armor Level 1, Protoss Air Armor Level 1, Terran Ship Armor Level 1, Terran Infantry Armor Level 1, Terran Vehicle Armor Level 1, Zerg Flyer Armor Level 1, Terran Vehicle Weapons Level 1, Zerg Melee Weapons Level 1, Protoss Air Weapons Level 1 | |
69 | 7:17 | Marine x7, SCV x3 | |
79 | 7:29 | Charge, Resonating Glaives, Building Armor, Extended Thermal Lance, SCV x3 | |
82 | 7:32 | Barracks | |
82 | 7:34 | Barracks x2, Marine x3 | |
82 | 7:36 | Ventral Sacs, Adrenal Glands | |
85 | 7:42 | Enduring Locusts | |
85 | 7:43 | Personal Cloaking | |
85 | 7:49 | Psionic Storm | |
85 | 7:50 | Glial Reconstitution, Neosteel Frame, Neural Parasite, Cloaking Field, Tunneling Claws, Supply Depot, Metabolic Boost, Centrifical Hooks, Corvid Reactor, Infernal Pre-Igniter, Durable Materials, Combat Shields, Chitinous Plating | |
85 | 7:56 | Supply Depot | |
85 | 7:57 | Supply Depot | |
85 | 7:58 | Burrow, Muscular Augments x2 | |
85 | 8:06 | Marine | |
85 | 8:07 | Marine | |
85 | 8:08 | Marine | |
85 | 8:09 | Marine x2 | |
85 | 8:10 | SCV x2 | |
85 | 8:11 | Marine x2 | |
85 | 8:12 | Moebius Reactor, Caduceus Reactor, Gravitic Drive, Observer Gravitic Boosters, Pathogen Glands, Graviton Catapult, Behemoth Reactor, Hi-Sec Auto Tracking, SCV | |
85 | 8:13 | Supply Depot | |
85 | 8:18 | Supply Depot | |
74 | 8:22 | SCV x2 | |
74 | 8:23 | Marine | |
74 | 8:24 | Barracks Reactor, SCV | |
74 | 8:25 | Marine | |
74 | 8:26 | Concussive Shells, Pneumatized Carapace, Marine, Weapon Refit | |
74 | 8:27 | Barracks Reactor, Marine x2 | |
80 | 8:28 | Barracks Reactor | |
80 | 8:29 | Marine x2 | |
84 | 8:34 | Engineering Bay, SCV x2 | |
84 | 8:36 | SCV | |
87 | 8:41 | Marine | |
87 | 8:43 | Marine | |
87 | 8:44 | Marine | |
87 | 8:45 | Marine x2 | |
87 | 8:46 | SCV | |
87 | 8:47 | Marine x2, SCV | |
87 | 8:48 | SCV | |
97 | 8:59 | Orbital Command, Command Center | |
97 | 9:02 | Barracks | |
105 | 9:09 | Unknown x5 | |
113 | 9:12 | SCV x12 | |
| 9:26 | SCV | |
13 | 9:38 | SCV | |
14 | 9:47 | Supply Depot | |
14 | 9:50 | SCV | |
15 | 10:08 | SCV | |
15 | 10:12 | Barracks | |
16 | 10:20 | Refinery, SCV | |
17 | 10:32 | SCV | |
18 | 10:44 | SCV | |
19 | 11:00 | Orbital Command | |
19 | 11:10 | Barracks Reactor | |
19 | 11:12 | Command Center | |
19 | 11:18 | Barracks | |
19 | 11:25 | Supply Depot | |
19 | 11:28 | SCV | |
20 | 11:47 | Marine | |
20 | 11:48 | Marine | |
22 | 11:54 | Engineering Bay | |
22 | 12:05 | Barracks Tech Lab, Marine x2 | |
24 | 12:19 | SCV | |
25 | 12:23 | Marine x2 | |
25 | 12:26 | Bunker | |
25 | 12:29 | Orbital Command | |
27 | 12:31 | Combat Shields, SCV | |
27 | 12:35 | Terran Infantry Weapons Level 1 | |
27 | 12:37 | Marine | |
28 | 12:44 | Supply Depot | |
29 | 12:46 | SCV | |
30 | 12:56 | SCV | |
32 | 12:58 | SCV | |
32 | 12:59 | Marine | |
32 | 13:01 | Marine | |
32 | 13:04 | Marine | |
35 | 13:06 | Terran Vehicle Armor Level 3, Protoss Air Weapons Level 3, Protoss Ground Armor Level 3, Zerg Ground Armor Level 3, Terran Infantry Weapons Level 3, Protoss Shields Level 3, Protoss Ground Weapons Level 3, Terran Ship Weapons Level 3, Terran Ship Armor Level 3, Zerg Flyer Armor Level 3, Protoss Air Armor Level 3, Zerg Melee Weapons Level 3, Terran Vehicle Weapons Level 3, Zerg Missile Weapons Level 3, Zerg Flyer Weapons Level 3, Terran Infantry Armor Level 3 | |
35 | 13:14 | Barracks | |
35 | 13:20 | Marine x2 | |
37 | 13:27 | Terran Vehicle Weapons Level 2, Protoss Air Weapons Level 2, Terran Infantry Armor Level 2, Zerg Flyer Armor Level 2, Terran Infantry Weapons Level 2, Terran Ship Armor Level 2, Protoss Shields Level 2, Zerg Melee Weapons Level 2, Zerg Missile Weapons Level 2, Zerg Ground Armor Level 2, Protoss Ground Weapons Level 2, Protoss Ground Armor Level 2, Terran Vehicle Armor Level 2, Terran Ship Weapons Level 2, Zerg Flyer Weapons Level 2, Protoss Air Armor Level 2 | |
37 | 13:28 | Supply Depot | |
37 | 13:40 | Marine x3 | |
40 | 13:42 | Stimpack, Blink, SCV x2 | |
42 | 13:49 | Protoss Ground Armor Level 1, Terran Infantry Weapons Level 1, Protoss Shields Level 1, Protoss Ground Weapons Level 1, Zerg Flyer Weapons Level 1, Zerg Missile Weapons Level 1, Warp Gate, Terran Ship Weapons Level 1, Zerg Ground Armor Level 1, Protoss Air Armor Level 1, Terran Ship Armor Level 1, Terran Infantry Armor Level 1, Terran Vehicle Armor Level 1, Zerg Flyer Armor Level 1, Terran Vehicle Weapons Level 1, Zerg Melee Weapons Level 1, Protoss Air Weapons Level 1 | |
42 | 13:58 | SCV | |
42 | 13:59 | SCV | |
44 | 14:03 | Charge, Resonating Glaives, Building Armor, Extended Thermal Lance | |
44 | 14:08 | Marine x3 | |
47 | 14:10 | Ventral Sacs, Adrenal Glands, SCV | |
47 | 14:11 | SCV | |
47 | 14:16 | Enduring Locusts | |
48 | 14:17 | Personal Cloaking | |
48 | 14:21 | Barracks Reactor | |
48 | 14:22 | Command Center | |
48 | 14:23 | Psionic Storm | |
48 | 14:24 | Glial Reconstitution, Neosteel Frame, Neural Parasite, Cloaking Field, Tunneling Claws, Metabolic Boost, Centrifical Hooks, Corvid Reactor, Infernal Pre-Igniter, Durable Materials, Combat Shields, Chitinous Plating | |
48 | 14:31 | Barracks | |
48 | 14:32 | Burrow, Muscular Augments x2 | |
48 | 14:38 | SCV | |
48 | 14:39 | SCV | |
48 | 14:40 | Marine x3 | |
53 | 14:46 | Protoss Air Weapons Level 3, Pathogen Glands, Terran Infantry Weapons Level 3, Terran Ship Armor Level 3, Terran Ship Weapons Level 3, Protoss Ground Weapons Level 3, Graviton Catapult, Zerg Flyer Weapons Level 3, Behemoth Reactor, Zerg Melee Weapons Level 3, Terran Vehicle Armor Level 3, Gravitic Drive, Observer Gravitic Boosters, Zerg Ground Armor Level 3, Protoss Shields Level 3, Protoss Ground Armor Level 3, Zerg Flyer Armor Level 3, Protoss Air Armor Level 3, Moebius Reactor, Hi-Sec Auto Tracking, Terran Vehicle Weapons Level 3, Zerg Missile Weapons Level 3, Terran Infantry Armor Level 3, Caduceus Reactor | |
53 | 14:50 | SCV | |
53 | 14:51 | SCV | |
54 | 14:58 | Marine x3 | |
54 | 14:59 | Factory | |
57 | 15:00 | Concussive Shells, Pneumatized Carapace, Weapon Refit | |
57 | 15:03 | SCV | |
57 | 15:05 | SCV | |
59 | 15:07 | Terran Vehicle Weapons Level 2, Protoss Air Weapons Level 2, Terran Infantry Armor Level 2, Zerg Flyer Armor Level 2, Terran Infantry Weapons Level 2, Terran Ship Armor Level 2, Protoss Shields Level 2, Zerg Melee Weapons Level 2, Zerg Missile Weapons Level 2, Zerg Ground Armor Level 2, Protoss Ground Weapons Level 2, Protoss Ground Armor Level 2, Terran Vehicle Armor Level 2, Terran Ship Weapons Level 2, Zerg Flyer Weapons Level 2, Protoss Air Armor Level 2 | |
59 | 15:15 | SCV | |
59 | 15:16 | Marine x2 | |
62 | 15:22 | Barracks Reactor, Stimpack, Blink | |
62 | 15:23 | Barracks | |
62 | 15:29 | Protoss Ground Armor Level 1, Terran Infantry Weapons Level 1, Protoss Shields Level 1, Protoss Ground Weapons Level 1, Zerg Flyer Weapons Level 1, Zerg Missile Weapons Level 1, Warp Gate, Terran Ship Weapons Level 1, Zerg Ground Armor Level 1, Protoss Air Armor Level 1, Terran Ship Armor Level 1, Terran Infantry Armor Level 1, Terran Vehicle Armor Level 1, Zerg Flyer Armor Level 1, Terran Vehicle Weapons Level 1, Zerg Melee Weapons Level 1, Protoss Air Weapons Level 1 | |
62 | 15:31 | Barracks | |
62 | 15:33 | Supply Depot | |
69 | 15:35 | Supply Depot | |
69 | 15:36 | Barracks | |
69 | 15:43 | Charge, Resonating Glaives, Building Armor, Extended Thermal Lance, Unknown x5 | |
69 | 15:45 | SCV x12 | |
| 15:50 | Ventral Sacs, Adrenal Glands | |
| 15:56 | Enduring Locusts | |
| 15:57 | Personal Cloaking, Unknown | |
| 15:59 | SCV | |
| 16:03 | Psionic Storm | |
| 16:04 | Glial Reconstitution, Neosteel Frame, Neural Parasite, Cloaking Field, Tunneling Claws, Metabolic Boost, Centrifical Hooks, Corvid Reactor, Infernal Pre-Igniter, Durable Materials, Combat Shields, Chitinous Plating | |
13 | 16:12 | Burrow, Muscular Augments x2, SCV | |
14 | 16:20 | Supply Depot | |
14 | 16:24 | SCV | |
15 | 16:26 | Moebius Reactor, Gravitic Drive, Observer Gravitic Boosters, Pathogen Glands, Graviton Catapult, Behemoth Reactor, Hi-Sec Auto Tracking, Caduceus Reactor | |
15 | 16:40 | Concussive Shells, Pneumatized Carapace, Weapon Refit | |
15 | 16:41 | SCV | |
15 | 16:42 | Barracks | |
15 | 16:45 | Refinery | |
16 | 16:53 | SCV | |
17 | 17:06 | SCV | |
18 | 17:11 | Orbital Command | |
19 | 17:23 | Unknown x5 | |
19 | 17:24 | SCV x12 | |
12 | 17:37 | SCV | |
13 | 17:49 | SCV | |
14 | 17:55 | Supply Depot | |
14 | 18:01 | SCV | |
15 | 18:17 | SCV | |
15 | 18:19 | Barracks | |
16 | 18:22 | Refinery | |
16 | 18:29 | SCV | |
17 | 18:41 | SCV | |
18 | 18:53 | SCV | |
19 | 19:05 | Orbital Command | |
19 | 19:07 | Barracks Reactor | |
19 | 19:19 | Command Center | |
19 | 19:29 | Barracks | |
19 | 19:44 | Supply Depot | |
19 | 19:45 | Marine | |
19 | 19:46 | Marine | |
21 | 19:54 | Engineering Bay | |
21 | 20:00 | SCV | |
21 | 20:03 | Marine | |
21 | 20:05 | Marine | |
21 | 20:06 | Terran Vehicle Armor Level 3, Protoss Air Weapons Level 3, Protoss Ground Armor Level 3, Zerg Ground Armor Level 3, Terran Infantry Weapons Level 3, Protoss Shields Level 3, Protoss Ground Weapons Level 3, Terran Ship Weapons Level 3, Terran Ship Armor Level 3, Zerg Flyer Armor Level 3, Protoss Air Armor Level 3, Zerg Melee Weapons Level 3, Terran Vehicle Weapons Level 3, Zerg Missile Weapons Level 3, Zerg Flyer Weapons Level 3, Terran Infantry Armor Level 3 | |
24 | 20:12 | SCV | |
25 | 20:18 | Barracks Tech Lab | |
25 | 20:21 | Marine | |
25 | 20:23 | Marine | |
25 | 20:24 | SCV | |
25 | 20:27 | Terran Vehicle Weapons Level 2, Protoss Air Weapons Level 2, Terran Infantry Armor Level 2, Zerg Flyer Armor Level 2, Terran Infantry Weapons Level 2, Terran Ship Armor Level 2, Protoss Shields Level 2, Zerg Melee Weapons Level 2, Zerg Missile Weapons Level 2, Zerg Ground Armor Level 2, Protoss Ground Weapons Level 2, Protoss Ground Armor Level 2, Terran Vehicle Armor Level 2, Terran Ship Weapons Level 2, Zerg Flyer Weapons Level 2, Protoss Air Armor Level 2 | |
28 | 20:33 | Bunker | |
28 | 20:34 | Orbital Command | |
28 | 20:37 | SCV | |
28 | 20:39 | Combat Shields | |
28 | 20:42 | Stimpack, Blink | |
29 | 20:43 | Terran Infantry Weapons Level 1 | |
29 | 20:46 | Marine | |
29 | 20:49 | Protoss Ground Armor Level 1, Marine, Terran Infantry Weapons Level 1, Protoss Shields Level 1, Protoss Ground Weapons Level 1, Zerg Flyer Weapons Level 1, Zerg Missile Weapons Level 1, Warp Gate, Terran Ship Weapons Level 1, Zerg Ground Armor Level 1, Protoss Air Armor Level 1, Terran Ship Armor Level 1, Terran Infantry Armor Level 1, Terran Vehicle Armor Level 1, Zerg Flyer Armor Level 1, Terran Vehicle Weapons Level 1, Zerg Melee Weapons Level 1, Protoss Air Weapons Level 1 | |
31 | 20:59 | Marine, Supply Depot | |
31 | 21:03 | Charge, Resonating Glaives, Building Armor, Extended Thermal Lance | |
32 | 21:04 | Marine | |
32 | 21:07 | Marine | |
32 | 21:10 | Ventral Sacs, Adrenal Glands | |
34 | 21:14 | Barracks | |
34 | 21:16 | Enduring Locusts | |
34 | 21:17 | Personal Cloaking | |
34 | 21:23 | Psionic Storm | |
34 | 21:24 | Glial Reconstitution, Neosteel Frame, Neural Parasite, Cloaking Field, Tunneling Claws, Metabolic Boost, Centrifical Hooks, Corvid Reactor, Infernal Pre-Igniter, Durable Materials, Combat Shields, Chitinous Plating | |
34 | 21:32 | Burrow, Marine x3, Muscular Augments x2 | |
37 | 21:46 | Moebius Reactor, Gravitic Drive, Observer Gravitic Boosters, Pathogen Glands, Graviton Catapult, Behemoth Reactor, Hi-Sec Auto Tracking, Caduceus Reactor | |
37 | 21:50 | SCV x2 | |
39 | 22:00 | Concussive Shells, Pneumatized Carapace, Weapon Refit | |
39 | 22:02 | Barracks Reactor, SCV x2 | |
39 | 22:08 | Marine x3 | |
44 | 22:25 | Command Center | |
47 | 22:39 | Barracks | |
47 | 22:43 | Unknown x5 | |